 Dungeon Crawl Stone Soup version 0.32-a0-120-gfac0567ad4 (webtiles) character file.

Game seed: 15764717255384847306

60 Esekla the Sneak (level 4, 31/31 HPs)
             Began as an Octopode Delver on Feb 6, 2024.
             Quit the game on level 5 of the Dungeon.
             The game lasted 00:02:30 (173 turns).

Esekla the Sneak (Octopode Delver)                   Turns: 173, Time: 00:02:30

Health: 31/31      AC:  1    Str: 11    XL:     4   Next: 6%
Magic:  5/5        EV: 13    Int: 14    God:
Gold:   26         SH:  0    Dex: 13    Spells: 5/5 levels left

rFire   . . .        a - +0 falchion
rCold   . . .        (no shield)
rNeg    . . .        (helmet restricted)
rPois   .            (no amulet)
rElec   .            (no ring)
rCorr   .            (no ring)
SInv    .            (no ring)
Will    .....        (no ring)
Stlth   +++++        (no ring)
HPRegen 0.25/turn    (no ring)
MPRegen 0.09/turn    (no ring)
                     (no ring)

%: no passive effects
@: no status effects
A: almost no armour, amphibious, 8 rings, camouflage 1, gelatinous body 1,
(nimble swimmer 1), tentacles
a: no special abilities


You were on level 5 of the Dungeon.
You visited 1 branch of the dungeon, and saw 1 of its levels.

You collected 26 gold pieces.

Inventory:

Hand Weapons
 a - a +0 falchion (weapon)
Wands
 f - a wand of digging (2)
Scrolls
 b - a scroll of fog
 d - a scroll of fear
 g - 2 scrolls of teleportation {unknown}
Potions
 c - a potion of degeneration {unknown}
 e - a potion of haste


   Skills:
 * Level 3.4 Fighting
 + Level 2.1 Long Blades
 * Level 2.5 Dodging
 + Level 7.5 Stealth
 * Level 1.0 Spellcasting


You had 5 spell levels left.
You didn't know any spells.
Your spell library was empty.

Dungeon Overview and Level Annotations

Branches:
Dungeon (5/15)
 Temple: D:4-7

Altars:

Shops:
D:5 [


Innate Abilities, Weirdness & Mutations

You cannot wear most types of armour.
You are amphibious.
You can wear up to eight rings at the same time.
Your skin changes colour to match your surroundings (Stealth+).
Your rubbery body absorbs attacks. (AC +1, EV +1)
((You are camouflaged when in or above water. (Stealth+)))
You have tentacles for arms and can constrict up to eight enemies at once.


Message History

The ufetubus is almost dead.
You constrict the ufetubus. The ufetubus closely misses you.
The ufetubus completely misses you. The ufetubus barely misses you.
The ufetubus closely misses you.
You slash the ufetubus!
You kill the ufetubus!
Found a scroll labelled TOWIRI YSMOA and a spear.
An ufetubus comes into view.
Found a stone staircase leading down.
The ufetubus shouts!
There is an empty arch of ancient stone here.
You barely miss the ufetubus. You grab the ufetubus. You squeeze the ufetubus!
The ufetubus is almost dead.
You constrict the ufetubus.
You kill the ufetubus!
An adder comes into view.
An ufetubus comes into view.
g - 2 scrolls labelled TOWIRI YSMOA (gained 1)
A sleepcap comes into view.
Found a spear.
The adder closely misses you.
You barely miss the adder. You grab the adder. You squeeze the adder!
The adder is almost dead.
You constrict the adder.
You kill the adder!
Your Spellcasting skill increases to level 1!
You have reached level 4!
Found a leather armour.
There is a stone staircase leading down here.
A phantom comes into view.
Aiming: Dig
Press: ? - help, Shift-Dir - straight line A rock wall.
The rock shatters into small pieces.
Found 7 gold pieces.
An adder comes into view.
Found Hush's Antique Armour Boutique.
You now have 26 gold pieces (gained 7).
There is an entrance to Hush's Antique Armour Boutique here.
Are you sure you want to abandon this character and quit the game? (Confirm with "yes".)

### #.#
******####.#######*****
*,,,,#♣..........S,,,,,
*,***#...#.######**####
*,* #@.♣#.# #... *,*
#####.# #W#. *,*
#####.# #... ***** *,*
#.....# #####. *,,,*
*,* #.....# #.###.
*,,,* #.####.....#
#..... *,,,*
#..........# #.####
***,,,**######.#####
#.#<* *,+,,,,,,,,,,#.#
#.#,*


There were no monsters in sight!

Vanquished Creatures
  A hound (D:5)
  An adder (D:5)
  4 ufetubi (D:5)
6 creatures vanquished.

Notes
Turn   | Place    | Note
-------+----------+-------------------------------------------
     0 | D:5      | Esekla the Octopode Delver began the quest for the Orb.
     0 | D:5      | Reached XP level 1. HP: 16/16 MP: 1/1
    59 | D:5      | Noticed a hound
    74 | D:5      | Killed a hound
    75 | D:5      | Reached skill level 7 in Stealth
    75 | D:5      | Reached XP level 2. HP: 13/21 MP: 2/2
    75 | D:5      | Reached XP level 3. HP: 17/26 MP: 3/3
   100 | D:5      | Reached skill level 1 in Spellcasting
   100 | D:5      | Reached XP level 4. HP: 17/31 MP: 5/5
   122 | D:5      | Noticed a phantom
   168 | D:5      | Found Hush's Antique Armour Boutique.
   173 | D:5      | Quit the game

Illustrated notes

Levels and vault maps discovered:
D:5:      layout_basic, gammafunk_ghost_split, serial_shops,
          nicolae_shop_pleasant_corner_grove, serial_demonic, serial_demonic_d,
          serial_demonic_g, serial_demonic_a, serial_demonic_b, uniq_edmund

Skill      XL: |  1  2  3 |
---------------+----------+-----
Stealth        | 7 |  7.5
Spellcasting   | 1 |  1.0
Fighting       | |  3.4
Long Blades    | |  2.1
Dodging        | |  2.5

Action                     |  1- 3 |  4- 6 || total
---------------------------+-------+-------++-------
  Melee: Falchion          |    11 |       ||    11
         Constrict         |     5 |       ||     5
         Tentacles         |     4 |       ||     4
  Evoke: Wand              |       |     1 ||     1
    Use: Scroll            |     1 |       ||     1
 Armour: Skin              |     5 |       ||     5
  Dodge: Dodged            |    17 |       ||    17

Table legend: (Time is in decaauts)
 A = Elapsed time spent in this place.
 B = Non-inter-level travel time spent in this place.
 C = Inter-level travel time spent in this place.
 D = Time resting spent in this place.
 E = Time spent auto-exploring this place.
 F = Levels seen in this place.
 G = Mean time per level.
                   A        B        C        D        E       F      G
               +--------+--------+--------+--------+--------+-----+--------+
         Total |    175 |    175 |      0 |      0 |      0 |   1 |  175.0 |
       Dungeon |    175 |    175 |      0 |      0 |      0 |   1 |  175.0 |
               +--------+--------+--------+--------+--------+-----+--------+

Top non-repeatable levels by time:
     D:5: 175 daAuts
